 Dungeon Crawl Stone Soup version 0.28.0-53-g5a82cb258f (webtiles) character file.

Game seed: 6006015450840733033

325 issech the Chopper (level 6, -6/56 HPs)
             Began as a Minotaur Monk on June 19, 2022.
             Killed by divine providence
             ... invoked by an orc priest
              (10 damage)
             ... on level 4 of the Dungeon.
             The game lasted 00:07:18 (4167 turns).

issech the Chopper (Minotaur Monk)                  Turns: 4167, Time: 00:07:20

Health: -6/56      AC: 11    Str: 16    XL:     6   Next: 24%
Magic:  5/5        EV:  5    Int:  7    God:
Gold:   258        SH:  0    Dex: 14    Spells: 5/5 levels left

rFire   + . .      SeeInvis .   v - +0 war axe
rCold   + . .      Faith    .   (no shield)
rNeg    . . .      Spirit   .   b - +0 plate armour
rPois   .          Reflect  .   (helmet restricted)
rElec   .          Harm     .   r - scarf {rC+ rF+}
rCorr   .          Rampage  .   (no gloves)
Will    .....                   (no boots)
Stlth   ..........              (no amulet)
HPRegen 0.18/turn               (no ring)
MPRegen 0.09/turn               (no ring)

@: very slow
A: horns 2, retaliatory headbutt
a: no special abilities


You were on level 4 of the Dungeon.
You visited 1 branch of the dungeon, and saw 4 of its levels.

You collected 258 gold pieces.

Inventory:

Hand Weapons
 l - a +0 mace
 t - a +1 short sword of freezing
 v - a +0 war axe (weapon)
Missiles
 a - 27 arrows
 c - 79 bolts
 g - 43 stones (quivered)
 h - 6 boomerangs of dispersal
 o - 3 boomerangs
 p - 7 poisoned darts
Armour
 b - a +0 plate armour (worn)
 n - a +0 chain mail
 r - a scarf of resistance (worn)
Scrolls
 d - a scroll of vulnerability {unknown}
 e - a scroll of noise {unknown}
 m - 2 scrolls of fear {unknown}
 s - 2 scrolls of teleportation {unknown}
 u - a scroll of identify {unknown}
 w - 3 scrolls of fog {unknown}
Potions
 f - a potion of curing {unknown}
 i - 3 potions of heal wounds {unknown}
 j - 2 potions of degeneration {unknown}
 k - a potion of cancellation {unknown}
 q - a potion of invisibility {unknown}


   Skills:
 + Level 5.0 Fighting
 + Level 1.0 Short Blades
 + Level 6.2 Axes
 + Level 2.6 Armour
 + Level 3.9 Dodging
 + Level 1.9 Stealth


You had 5 spell levels left.
You didn't know any spells.
Your spell library was empty.

Dungeon Overview and Level Annotations

Branches:
Dungeon (4/15)
 Temple: D:4-7

Altars:
Dithmenos
Makhleb

Annotations:
D:3 1 runed translucent door, Crazy Yiuf


Innate Abilities, Weirdness & Mutations

You have a pair of horns on your head.
You reflexively headbutt those who attack you in melee.


Message History

* * * LOW HITPOINT WARNING * * *
The jackal bites you but does no damage.
The ball python bites you but does no damage.
The ball python constricts you.
* * * LOW HITPOINT WARNING * * *
Your unstable footing causes you to fumble your attack.
The jackal bites you but does no damage. x2
The orc priest hits you with a +0 whip.
* * * LOW HITPOINT WARNING * * *
The ball python bites you but does no damage.
The ball python constricts you. The jackal barely misses you.
The jackal bites you but does no damage.
You barely miss the orc priest.
The orc priest is lightly wounded.
You hit the jackal. You hit the ball python. You hit the jackal.
You kill the jackal!
The ball python bites you but does no damage.
The ball python constricts you.
The orc priest looks satisfied for a moment.
The jackal splashes around in the water.
The ball python barely misses you. The ball python constricts you.
* * * LOW HITPOINT WARNING * * *
You closely miss the orc priest.
The orc priest is lightly wounded.
You hit the iguana but do no damage. You slash the ball python!
You kill the ball python!
You hit the jackal but do no damage.
The jackal bites you but does no damage.
The orc priest hits you but does no damage.
The iguana bites you but does no damage.
The jackal bites you but does no damage.
The orc priest hits you but does no damage.
You hit the orc priest.
The orc priest is moderately wounded.
You barely miss the iguana. You miss the jackal.
The jackal completely misses you. The iguana bites you.
* * * LOW HITPOINT WARNING * * *
The orc priest mumbles some strange prayers to Beogh against you.
Beogh smites you!
You die...

####P................
###PPP≈.##############♣
.PP≈≈≈≈≈# ≈≈♣≈♣≈≈≈## P
♣ ♣♣♣≈.# ♣P≈P# P≈♣
♣♣≈≈P# ≈≈≈≈≈♣h≈..#
..P≈P≈.@)## ..P≈.≈l#o#
...≈P......
......####... ......
....♣ ...... ...♣
...... ...♣ ..... ##♣


You could see an iguana, an orc priest and a jackal.

Vanquished Creatures
  A centaur (D:4)
  A hound (D:4)
  A centaur skeleton (D:4)
  An iguana (D:3)
  Robin (D:3)
  6 adders
  A worm (D:2)
  2 dart slugs (D:3)
  An orc (D:4)
  8 ball pythons
  9 bats
  4 endoplasms
  5 giant cockroaches
  13 goblins
  10 hobgoblins
  9 jackals
  7 kobolds
  2 quokkas
  4 frilled lizards
  A rat (D:1)
  2 toadstools (D:1)
89 creatures vanquished.

Vanquished Creatures (others)
  13 fungi (D:1)
  33 plants
  3 toadstools (D:1)
49 creatures vanquished.

Grand Total: 138 creatures vanquished

Notes
Turn   | Place    | Note
-------+----------+-------------------------------------------
     0 | D:1      | issech the Minotaur Monk began the quest for the Orb.
     0 | D:1      | Reached XP level 1. HP: 19/19 MP: 0/0
   191 | D:1      | Reached XP level 2. HP: 27/27 MP: 1/1
   552 | D:1      | Reached skill level 4 in Axes
   793 | D:1      | Found a faded altar of an unknown god.
  1195 | D:2      | Reached XP level 3. HP: 16/33 MP: 2/2
  2340 | D:3      | Reached XP level 4. HP: 35/41 MP: 3/3
  2800 | D:3      | Found a shadowy altar of Dithmenos.
  2953 | D:3      | Reached skill level 5 in Axes
  3480 | D:3      | Found a burning altar of Makhleb.
  3480 | D:3      | Noticed Robin
  3485 | D:3      | Reached skill level 1 in Armour
  3485 | D:3      | Reached XP level 5. HP: 43/47 MP: 4/4
  3664 | D:3      | Killed Robin
  3745 | D:3      | Found a runed translucent door.
  3746 | D:3      | Noticed Crazy Yiuf
  4099 | D:4      | Reached skill level 6 in Axes
  4154 | D:4      | Noticed a centaur
  4162 | D:4      | Killed a centaur
  4163 | D:4      | Reached skill level 5 in Fighting
  4163 | D:4      | Reached skill level 1 in Short Blades
  4163 | D:4      | Reached XP level 6. HP: 17/56 MP: 5/5
  4167 | D:4      | Killed from afar by an orc priest

Illustrated notes

Levels and vault maps discovered:
D:1:      shiori_shiawase, layout_loops_corners,
          shapermc_ecumenical_altar_acropolis, minmay_gold_behind_fungi
D:2:      layout_loops_corners
D:3:      layout_rooms, lemuel_tele_altar, nicolae_dithmenos_shadow_blocks,
          minmay_cut_off, uniq_crazy_yiuf_cottage, uniq_robin
D:4:      layout_basic, serial_bayou, serial_bayou_lake_a, serial_bayou_shore_b,
          serial_bayou_shore_a, serial_bayou_pond_c, serial_bayou_ford_a,
          serial_bayou_pond_a, grunt_ministairs_6, minmay_misc_feat_square,
          uniq_edmund

Skill      XL: |  1  2  3  4  5 |
---------------+----------------+-----
Axes           | 4 5 6 |  6.2
Fighting       | 4 5 |  5.0
Armour         | 1 2 |  2.6
Short Blades   | 1 |  1.0
Dodging        | |  3.9
Stealth        | |  1.9

Action                   |  1- 3 |  4- 6 || total
-------------------------+-------+-------++-------
Melee: Hand axe          |   108 |    78 ||   186
       Headbutt          |    21 |    12 ||    33
       Punch             |     4 |     1 ||     5
       War axe           |       |    25 ||    25
       Short sword       |       |    14 ||    14
 Stab: Sleeping          |     1 |       ||     1
Armor: Robe              |    14 |       ||    14
       Chain mail        |     4 |    25 ||    29
       Leather armour    |     2 |       ||     2
       Plate armour      |       |    97 ||    97
Dodge: Dodged            |    64 |    55 ||   119
